 Dungeon Crawl Stone Soup version 0.23.2-40-g277498a001 (webtiles) character file.

Game seed: 17711045616328237040

2205 DildoBatman the Magician (level 9, 0/57 HPs)
             Began as a Formicid Wizard on Oct 2, 2019.
             Was a Follower of Kikubaaqudgha.
             Killed by divine providence
             ... invoked by an orc priest
              (11 damage)
             ... on level 8 of the Dungeon.
             The game lasted 00:30:16 (7844 turns).

DildoBatman the Magician (Formicid Wizard)          Turns: 7844, Time: 00:30:16

Health: 0/57       AC:  5    Str: 12    XL:     9   Next: 60%
Magic:  6/19       EV: 13    Int: 24    God:    Kikubaaqudgha [*.....]
Gold:   117        SH:  0    Dex: 12    Spells: 14/21 levels left

rFire    . . .     SeeInvis +   a - +5 rapier of an ossuary {flame, +Inv Dex+3}
rCold    . . .     Gourm    .   (no shield)
rNeg     . . .     Faith    .   y - +1 leather armour {MR+}
rPois    .         Spirit   .   (helmet unavailable)
rElec    .         Reflect  .   (no cloak)
rCorr    .         Harm     .   (no gloves)
MR       +....                  f - +0 pair of boots
Stlth    ++........             r - amulet of regeneration
HPRegen  0.59/turn              C - +2 ring of evasion
MPRegen  0.16/turn              g - +3 ring of intelligence

@: no status effects
A: permanent stasis, dig shafts and tunnels, four strong arms, antennae 3
a: Dig, Shaft Self, Receive Corpses, Renounce Religion, Evoke Invisibility


You were on level 8 of the Dungeon.
You worshipped Kikubaaqudgha.
Kikubaaqudgha was aware of your devotion.
You were not hungry.

You visited 2 branches of the dungeon, and saw 9 of its levels.

You collected 215 gold pieces.
You spent 98 gold pieces at shops.

Inventory:

Hand Weapons
 a - the +5 rapier of an ossuary (weapon) {flame, +Inv Dex+3}
   (You found it on level 6 of the Dungeon)

   It has been specially enchanted to burn those struck by it, causing extra
   injury to most foes and up to half again as much damage against particularly
   susceptible opponents.
   It affects your dexterity (+3).
   It lets you turn invisible.
 b - a +0 shortbow
 c - a +2 dagger of venom
 i - a +0 halberd
 o - a +0 dagger of freezing
Missiles
 d - 141 arrows
 e - 165 stones (quivered)
 k - a throwing net
 l - 46 sling bullets
 w - 21 poisoned needles
Armour
 f - a +0 pair of boots (worn)
 y - a +1 leather armour of magic resistance (worn)
Jewellery
 g - a +3 ring of intelligence (right hand)
 q - an uncursed ring of flight
 r - an amulet of regeneration (around neck)
 C - a +2 ring of evasion (left hand)
Wands
 s - a wand of digging (3)
 B - a wand of iceblast (7)
Scrolls
 h - 3 scrolls of blinking {unknown}
 m - 3 scrolls of teleportation {unknown}
 x - 3 scrolls of remove curse
 z - 3 scrolls of identify
 A - a scroll of enchant weapon
Potions
 j - 7 potions of brilliance
 n - 2 potions of agility {unknown}
 p - 2 potions of heal wounds
 t - a potion of curing {unknown}
 u - a potion of flight
Comestibles
 v - 11 rations
 D - 2 chunks of flesh


   Skills:
 - Level 1.7 Dodging
 - Level 2.4 Stealth
 * Level 6.8 Spellcasting
 - Level 6.1 Conjurations
   Level 1.0 Summonings
   Level 0.8 Translocations
 - Level 5.0 Fire Magic
 - Level 5.0 Air Magic


You had 14 spell levels left.
You knew the following spells:

 Your Spells              Type           Power        Failure   Level  Hunger
a - Conjure Flame         Conj/Fire      ####....     2%          3    None
c - Magic Dart            Conj           ####         1%          1    None
e - Mephitic Cloud        Conj/Pois/Air  ####....     6%          3    None

Your spell library contained the following spells:

 Spells                   Type           Power        Failure   Level  Hunger
 Animate Skeleton         Necr           N/A          10%         1    None
 Pain                     Necr           #...         10%         1    None
 Call Imp                 Summ           ##......     10%         2    None
 Slow                     Hex            #.......     14%         2    None
 Sublimation of Blood     Necr           #.........   14%         2    None
 Regeneration             Chrm/Necr      #.........   28%         3    None
 Blink                    Tloc           Unusable     N/A         2    N/A

Dungeon Overview and Level Annotations

Branches:
Dungeon (8/15)             Temple (1/1) D:7
   Lair: D:8-11

Altars:
Ashenzari
Cheibriados
Dithmenos
Elyvilon
Fedhas
Hepliaklqana
Kikubaaqudgha
Makhleb
Nemelex Xobeh
Okawaru
Qazlal
Ru
Sif Muna
Trog
Uskayaw
Vehumet
Wu Jian
Xom
Yredelemnul
Zin
The Shining One

Shops:
D:6 ?

Annotations:
D:1 Robin
D:4 1 exclusion, Edmund, Eustachio
D:5 exclusions: orc warrior and 1 more exclusion
D:6 1 exclusion
D:7 exclusion: neqoxec


Innate Abilities, Weirdness & Mutations

You cannot be hasted, slowed, berserked, paralysed or teleported.
You can dig through walls and to a lower floor.
Your four strong arms can wield two-handed weapons with a shield.
You have a pair of large antennae on your head. (SInv)


Message History

You strike the helpless wolf from behind!
You puncture the wolf! You burn the wolf.
You kill the wolf!
Kikubaaqudgha accepts your kill.
The killer bee is engulfed in noxious fumes.
The killer bee appears confused.
The killer bee misses you.
The orc priest mumbles some strange prayers to Beogh against you.
Beogh smites you!
The killer bee is engulfed in noxious fumes.
The killer bee appears confused.
You hear a howl!
Unknown command.
The killer bee is engulfed in noxious fumes.
The killer bee appears confused.
The orc priest mumbles some strange prayers to Beogh against you.
Beogh smites you!
You die...
Kikubaaqudgha rasps: "You have failed me!
Welcome... death!"

. ##########.##
#............
#.........#.#
#.........#.#
#.........#.#
+.........).##
#.........#).#
#.....@...##o#
#######.####.##
{ ##y###.รท##
{{ ##o).o..#
#yo....#
#......# .# {
#......## .#
#.......# .#
#.......##.#


You could see 2 killer bees, an orc priest and an orc.

Vanquished Creatures
  Prince Ribbit (D:8)
  A wyvern (D:8)
  A water moccasin (D:7)
  2 orc warriors (D:7)
  An ice beast (D:7)
  2 sky beasts
  A wolf (D:8)
  2 centaurs
  2 bullfrogs (D:7)
  A gnoll sergeant (D:7)
  A scorpion (D:5)
  2 killer bees (D:8)
  2 howler monkeys (D:7)
  A crimson imp (D:7)
  2 orc priests
  3 hounds
  2 iguanas
  3 orc wizards
  3 worker ants (D:5)
  A worker ant zombie (D:5)
  13 gnolls
  11 adders
  A shadow imp (D:6)
  An ooze (D:1)
  2 adder skeletons
  A worm (D:3)
  A dart slug (D:2)
  18 orcs
  2 giant cockroaches
  13 goblins
  10 hobgoblins
  8 jackals
  6 quokkas
  A ball python (D:6)
  10 bats
  3 frilled lizards
  8 kobolds
  3 leopard gecko skeletons
  2 quokka zombies
  6 rats
154 creatures vanquished.

Notes
Turn   | Place    | Note
-------+----------+-------------------------------------------
     0 | D:1      | DildoBatman the Formicid Wizard began the quest for the
                  | Orb.
     0 | D:1      | Reached XP level 1. HP: 13/13 MP: 4/4
    35 | D:1      | Reached skill level 1 in Conjurations
   447 | D:1      | Reached XP level 2. HP: 17/19 MP: 0/6
   949 | D:1      | Reached XP level 3. HP: 24/24 MP: 0/7
   954 | D:1      | Learned a level 3 spell: Conjure Flame
   958 | D:1      | Learned a level 3 spell: Mephitic Cloud
  1769 | D:2      | HP: 1/24 [gnoll/+0 whip (3)]
  2248 | D:2      | Reached XP level 4. HP: 14/30 MP: 1/8
  3010 | D:2      | Noticed Robin
  3390 | D:2      | Reached XP level 5. HP: 35/35 MP: 5/9
  3704 | D:3      | Found a glowing golden altar of the Shining One.
  3834 | D:3      | Found an iron altar of Okawaru.
  3855 | D:3      | Reached skill level 5 in Conjurations
  3855 | D:3      | Reached XP level 6. HP: 29/41 MP: 4/10
  4693 | D:4      | Found a shadowy altar of Dithmenos.
  4693 | D:4      | Found a hide-covered altar of Uskayaw.
  4700 | D:4      | Found a white marble altar of Elyvilon.
  4712 | D:4      | Found a shimmering altar of Xom.
  4713 | D:4      | Found a faded altar of an unknown god.
  4894 | D:4      | Noticed an ogre
  5011 | D:5      | Entered Level 5 of the Dungeon
  5264 | D:5      | Reached XP level 7. HP: 46/46 MP: 2/11
  5319 | D:5      | Reached skill level 1 in Fire Magic
  5319 | D:5      | Reached skill level 1 in Air Magic
  5386 | D:5      | HP: 2/46 [poisoned by a scorpion]
  5617 | D:5      | Noticed Edmund
  5667 | D:5      | Noticed Eustachio
  6296 | D:5      | HP: 2/46 [orc warrior/+0 war axe (9)]
  6463 | D:6      | Reached XP level 8. HP: 52/52 MP: 8/12
  6492 | D:6      | Found Noynotisa's Magic Scroll Boutique.
  6497 | D:6      | Got a crude rapier
  6498 | D:6      | Identified the +5 rapier of an ossuary {flame, +Inv Dex+3}
                  | (You found it on level 6 of the Dungeon)
  6505 | D:6      | Bought a scroll of magic mapping for 49 gold pieces
  6506 | D:6      | Bought a scroll of magic mapping for 49 gold pieces
  6537 | D:7      | Found a staircase to the Ecumenical Temple.
  6545 | Temple   | Entered the Ecumenical Temple
  6646 | Temple   | Became a worshipper of Kikubaaqudgha
  6741 | D:7      | Found a hazy altar of Hepliaklqana.
  6957 | D:7      | Reached skill level 5 in Fire Magic
  7033 | D:7      | Reached skill level 5 in Air Magic
  7033 | D:7      | Reached XP level 9. HP: 33/57 MP: 2/13
  7035 | D:7      | Reached * piety under Kikubaaqudgha
  7035 | D:7      | Identified Kikubaaqudgha's Catalogue of Evil (Kikubaaqudgha
                  | gifted it to you on level 7 of the Dungeon)
  7035 | D:7      | Received a gift from Kikubaaqudgha
  7521 | D:7      | Reached skill level 5 in Spellcasting
  7535 | D:7      | Found a burning altar of Makhleb.
  7535 | D:7      | Noticed a green death
  7538 | D:7      | Noticed a hellwing
  7583 | D:7      | Found a deep blue altar of Sif Muna.
  7807 | D:8      | Noticed Prince Ribbit
  7828 | D:8      | Killed Prince Ribbit
  7844 | D:8      | Killed from afar by an orc priest

Skill      XL: |  1  2  3  4  5  6  7  8  9 |
---------------+----------------------------+-----
Conjurations   | 1 2 3 4 5 6 |  6.1
Fire Magic     | 3 5 |  5.0
Air Magic      | 2 5 |  5.0
Spellcasting   | 6 |  6.8
Dodging        | |  1.7
Stealth        | |  2.4
Summonings     | |  1.0
Translocations | |  0.8

Action                   |  1- 3 |  4- 6 |  7- 9 || total
-------------------------+-------+-------+-------++-------
Melee: Dagger            |     7 |    81 |    41 ||   129
       Short sword       |     1 |     7 |       ||     8
       Rapier            |       |       |    81 ||    81
 Fire: Shortbow          |       |       |    25 ||    25
 Cast: Magic Dart        |    86 |   140 |    76 ||   302
       Mephitic Cloud    |       |     7 |    20 ||    27
       Conjure Flame     |       |       |     8 ||     8
 Abil: Dig               |     1 |     3 |    14 ||    18
Evoke: Wand              |       |       |     7 ||     7
  Use: Scroll            |     4 |     3 |     3 ||    10
       Potion            |     3 |     1 |     1 ||     5
 Stab: Sleeping          |     1 |     1 |       ||     2
       Confused          |       |     2 |    11 ||    13
  Eat: Chunk             |     4 |    10 |    12 ||    26
Armor: Ring mail         |    21 |       |       ||    21
       Robe              |       |    22 |     4 ||    26
       Leather armour    |       |       |    14 ||    14
Dodge: Dodged            |    18 |   108 |   112 ||   238
